 Dungeon Crawl Stone Soup version 0.29.0-4-gdea44cf6ec (webtiles) character file.

Game seed: 14630830171906729365

31 qw the Chopper (level 3, 0/21 HPs)
             Began as a Tengu Warper on Aug 28, 2022.
             Succumbed to an adder's poison
             ... on level 2 of the Dungeon.
             The game lasted 00:00:08 (1988 turns).

qw the Chopper (Tengu Warper)                       Turns: 1988, Time: 00:00:08

Health: 0/21       AC:  5    Str: 13    XL:     3   Next: 22%
Magic:  7/7        EV: 11    Int: 13    God:
Gold:   80         SH:  0    Dex: 13    Spells: 6/6 levels left

rFire   . . .      SeeInvis .   Y - +1 hand axe
rCold   . . .      Faith    .   (no shield)
rNeg    . . .      Spirit   .   l - +0 ring mail
rPois   .          Reflect  .   (helmet restricted)
rElec   .          Harm     .   (no cloak)
rCorr   .          Rampage  .   (no gloves)
Will    .....                   (boots unavailable)
Stlth   +.........              (no amulet)
HPRegen 0.07/turn               (no ring)
MPRegen 0.10/turn               (no ring)

@: lethally poisoned (0 -> -2)
A: beak, talons 3
a: no special abilities


You were on level 2 of the Dungeon.
You visited 1 branch of the dungeon, and saw 2 of its levels.

You collected 80 gold pieces.


Innate Abilities, Weirdness & Mutations

You have a beak for a mouth.
You have claws for feet.


   Skills:
 - Level 2.0 Fighting
 + Level 4.0 Axes
 - Level 1.0 Throwing
 - Level 1.1 Armour
 - Level 2.1 Dodging
 - Level 2.0 Spellcasting
 - Level 2.4 Translocations


You had 6 spell levels left.
You didn't know any spells.
Your spell library contained the following spells:

 Spells                   Type           Power      Damage    Failure   Level
 Blink                    Tloc           14%        N/A       30%         2
 Gell's Gravitas          Tloc           7%         N/A       52%         3
 Lesser Beckoning         Tloc           7%         N/A       52%         3
 Teleport Other           Tloc           7%         N/A       52%         3
 Manifold Assault         Tloc           7%         N/A       99%         5

Inventory:

Hand Weapons
 d - a +0 whip
 Y - a +1 hand axe (weapon)
Armour
 l - a +0 ring mail (worn)
Jewellery
 a - a +4 ring of protection
Scrolls
 b - a scroll of noise {unknown}
 c - a scroll of poison {unknown}
 j - 2 scrolls of teleportation
Potions
 e - 2 potions of degeneration {unknown}
 f - a potion of curing {unknown}
 h - a potion of lignification {unknown}
 m - a potion of attraction {unknown}

Dungeon Overview and Level Annotations

Branches:
Dungeon (2/15)

Altars:


Message History

The adder bites you. x2
You are poisoned.
The adder poisons you!
You barely miss the adder. Your kick misses the adder.
You feel sick. The adder bites you.
You miss the adder.
You feel sick. The adder barely misses you.
The adder bites you but does no damage.
You hit the adder. Your kick misses the adder.
The adder is lightly wounded.
You feel sick. The adder closely misses you.
You hit the adder.
The adder is lightly wounded.
You feel sick. The adder bites you but does no damage.
You hit the adder but do no damage.
The adder is lightly wounded.
You feel sick. The adder bites you.
You are lethally poisoned!
The adder poisons you! The adder bites you but does no damage.
You hit the adder. You claw the adder! You peck the adder, but do no damage.
The adder is almost dead.
You feel sick. The adder bites you but does no damage.
1984 ||| READING 3 scrolls of teleportation.
As you read the scroll of teleportation, it crumbles to dust.
You feel strangely unstable.
You feel sick. The adder bites you but does no damage.
The adder barely misses you.
You barely miss the adder. Your kick misses the adder.
You peck the adder, but do no damage.
The adder is almost dead.
You feel sick. The adder bites you but does no damage.
You closely miss the adder. Your kick misses the adder.
Your peck misses the adder.
The adder is almost dead.
Your surroundings suddenly seem different.
Found a sedimented amethyst potion.
You feel sick.
There is a lethal amount of poison in your body!
You feel sick.
There is a lethal amount of poison in your body!
You die...

###
#@#
#!#
#..
#.##
#+#


There were no monsters in sight!

Vanquished Creatures
  An adder (D:2)
  3 ball pythons
  3 endoplasms
  2 giant cockroaches
  3 goblins (D:1)
  A hobgoblin (D:2)
  A quokka (D:1)
  4 bats
  2 kobolds (D:1)
  A rat (D:2)
21 creatures vanquished.

Notes
Turn   | Place    | Note
-------+----------+-------------------------------------------
     0 | D:1      | qw the Tengu Warper began the quest for the Orb.
     0 | D:1      | Reached XP level 1. HP: 12/12 MP: 4/4
     0 | D:1      | 0 ||| qw: Version: 0.1-a-89-g26bdef1
     0 | D:1      | 0 ||| qw: Game counter: 2514
     0 | D:1      | 0 ||| qw: Always use a shield: true
     0 | D:1      | 0 ||| qw: God list: Okawaru
     0 | D:1      | 0 ||| qw: Allow faded altars: false
     0 | D:1      | 0 ||| qw: Do Orc after D:15 true
     0 | D:1      | 0 ||| qw: Do second Lair branch before Depths: true
     0 | D:1      | 0 ||| qw: Lair rune preference: random
     0 | D:1      | 0 ||| qw: Plans: Normal
     0 | D:1      | 0 ||| PLANNING D:1-11
    58 | D:1      | Found a faded altar of an unknown god.
   175 | D:1      | 175 ||| DROPPING +0 club.
   361 | D:1      | Reached XP level 2. HP: 12/17 MP: 6/6
   363 | D:1      | Reached skill level 3 in Axes
  1140 | D:1      | 1140 ||| UPGRADING to +0 ring mail.
  1150 | D:1      | 1150 ||| DROPPING +0 leather armour.
  1151 | D:1      | 1151 ||| READING scroll labelled ZUM NO IRALIDGH.
  1152 | D:1      | 1152 ||| READING scroll labelled KELUIS KUSMECH.
  1277 | D:1      | 1277 ||| READING scroll labelled TAPYNU LEGGIC.
  1278 | D:1      | 1278 ||| READING 4 scrolls labelled BESYPU DIBLUT.
  1282 | D:1      | 1282 ||| READING scroll labelled EPSOTHR NOYT.
  1283 | D:1      | 1283 ||| READING scroll labelled KIAMET QAST.
  1284 | D:1      | 1284 ||| DROPPING scroll of blinking.
  1296 | D:2      | 1296 ||| STAIRDANCE
  1664 | D:2      | Reached XP level 3. HP: 15/21 MP: 7/7
  1845 | D:2      | Reached skill level 4 in Axes
  1983 | D:2      | HP: 5/21 [poisoned by an adder]
  1984 | D:2      | 1984 ||| READING 3 scrolls of teleportation.
  1986 | D:2      | HP: 2/21 [poisoned by an adder]
  1988 | D:2      | Succumbed to an adder's poison

Levels and vault maps discovered:
D:1:      heliophobic_arrival_ceremonial_halls, layout_basic,
          dreamdust_ecumenical_altar_angels_and_demons
D:2:      layout_basic

Skill      XL: |  1  2  3 |
---------------+----------+-----
Axes           | 3 4 |  4.0
Fighting       | |  2.0
Throwing       | |  1.0
Armour         | |  1.1
Dodging        | |  2.1
Spellcasting   | |  2.0
Translocations | |  2.4

Action                   || total
-------------------------++-------
Melee: Hand axe          ||    57
       Kick              ||    10
       Peck              ||     7
Throw: Boomerang         ||     7
  Use: Scroll            ||     7
Armor: Leather armour    ||     9
       Ring mail         ||    19
Dodge: Dodged            ||    21

Table legend:
 A = Non-vault XP
 B = Vault XP
 C = Vault XP percentage of total XP
 D = Non-vault monster count
 E = Vault monster count
 F = Vault count percentage of total count
                 A         B        C        D         E       F
            +---------+---------+-------+---------+---------+-------
      Total |      45 |       0 |   0.0 |      21 |       0 |   0.0
            +---------+---------+-------+---------+---------+-------
        D:1 |      21 |       0 |   0.0 |      13 |       0 |   0.0
        D:2 |      24 |       0 |   0.0 |       8 |       0 |   0.0
            +---------+---------+-------+---------+---------+-------
